 Dungeon Crawl Stone Soup version 0.31-a0-1-g4198be8af4 (webtiles) character file.

Game seed: 9425332631672393252

6104 bmack86 the Cleaver (level 10, -2/94 HPs)
             Began as a Minotaur Fighter on May 1, 2023.
             Was a Priest of Okawaru.
             Slain by a slime creature (8 damage)
             ... on level 10 of the Dungeon.
             The game lasted 00:17:46 (7153 turns).

bmack86 the Cleaver (Minotaur Fighter)              Turns: 7153, Time: 00:17:47

Health: -2/94      AC: 17    Str: 34    XL:     10   Next: 58%
Magic:  12/12      EV:  7    Int:  5    God:    Okawaru [***...]
Gold:   525        SH: 10    Dex: 10    Spells: 9/9 levels left

rFire   x . .        y - +3 war axe
rCold   + . .        G - +0 kite shield
rNeg    + + +        h - +2 plate armour
rPois   .            w - +2 hat "Zazoorei" {rN+ Will+ Str+3}
rElec   .            q - +1 cloak
rCorr   .            u - +0 pair of gloves
SInv    +            (no boots)
Will    +....        j - amulet of regeneration Stlth
                     b - +6 ring of strength
HPRegen 1.15/turn    r - ring "Cymo" {rF- rC+ rN++ Slay+2 SInv}
MPRegen 0.13/turn

%: no passive effects
@: corroded, studying Fighting
A: horns 2, retaliatory headbutt
a: Renounce Religion, Heroism


You were on level 10 of the Dungeon.
You worshipped Okawaru.
Okawaru was most pleased with you.
You visited 2 branches of the dungeon, and saw 11 of its levels.

You collected 596 gold pieces.
You spent 71 gold pieces at shops.

Inventory:

Hand Weapons
 a - a +0 vampiric war axe
 y - a +3 war axe (weapon)
Missiles
 f - 19 poisoned darts
 k - 7 boomerangs (quivered)
 v - a curare-tipped dart
Armour
 h - a +2 plate armour (worn)
 q - a +1 cloak (worn)
 u - a +0 pair of gloves (worn)
 w - the +2 hat "Zazoorei" (worn) {rN+ Will+ Str+3}
   (You acquired it on level 6 of the Dungeon)

   Str:       It affects your strength (+3).
   rN:        It protects you from negative energy.
   Will:      It increases your willpower.
 G - a +0 kite shield (worn)
Jewellery
 b - a +6 ring of strength (left hand)
 i - a ring of flight
 j - an amulet of regeneration (around neck)
 r - the ring "Cymo" (right hand) {rF- rC+ rN++ Slay+2 SInv}
   (You found it on level 5 of the Dungeon)

   [ring of protection from cold]

   Slay:      It affects your accuracy & damage with ranged weapons and melee
   (+2).
   rF:        It makes you vulnerable to fire.
   rC:        It protects you from cold.
   rN:        It greatly protects you from negative energy.
   SInv:      It lets you see invisible.
Wands
 n - a wand of flame (20)
 s - a wand of roots (9)
 z - a wand of digging (6)
 B - a wand of polymorph (6)
Scrolls
 g - 5 scrolls of teleportation
 x - a scroll of silence
 D - a scroll of fog
Potions
 c - 2 potions of brilliance
 d - 2 potions of might
 e - 2 potions of resistance
 l - 4 potions of heal wounds
 m - 2 potions of ambrosia
 o - 3 potions of flight
 p - a potion of berserk rage
 t - 4 potions of curing
 A - a potion of haste
 C - a potion of invisibility
 E - 2 potions of mutation {unknown}
 F - a potion of magic {unknown}


   Skills:
 + Level 10.4 Fighting
 * Level 10.9 Axes
 + Level 6.2 Throwing
 + Level 8.5 Armour
 + Level 8.3 Shields
 + Level 4.2 Invocations


You had 9 spell levels left.
You didn't know any spells.
Your spell library contained the following spells:

 Spells                   Type           Power      Damage    Failure   Level
 Magic Dart               Conj           0%         1d3       99%         1
 Slow                     Hex            0%         N/A       99%         1
 Ensorcelled Hibernation  Hex/Ice        0%         N/A       100%        2
 Searing Ray              Conj           0%         2d4       100%        2
 Sublimation of Blood     Necr           0%         N/A       100%        2
 Wereblood                Tmut           0%         N/A       100%        2
 Confusing Touch          Hex            0%         N/A       100%        3
 Spider Form              Tmut/Pois      0%         N/A       100%        3
 Vampiric Draining        Necr           0%         2d6       100%        3
 Anguish                  Hex/Necr       0%         N/A       100%        4
 Fulminant Prism          Conj/Hex       0%         3d5       100%        4
 Summon Hydra             Summ           Unusable   N/A       N/A         7

Dungeon Overview and Level Annotations

Branches:
Dungeon (10/15)            Temple (1/1) D:7            Lair (0/5) D:8
    Orc (0/2) D:9

Altars:
Ashenzari
Cheibriados
Dithmenos
Elyvilon
Fedhas
Gozag
Hepliaklqana
Kikubaaqudgha
Makhleb
Nemelex Xobeh
Okawaru
Qazlal
Ru
Sif Muna
Trog
Uskayaw
Vehumet
Wu Jian
Xom
Yredelemnul
Zin
The Shining One

Shops:
D:4 (   D:6 :   D:9 *

Annotations:
D:3 3 runed translucent doors, Darkkill's ghost, weakling MiHu; cheesebisquit's ghost, novice MfIE; turdburglar's ghost, amateur TrHs


Innate Abilities, Weirdness & Mutations

You have a pair of horns on your head.
You reflexively headbutt those who attack you in melee.


Message History

The acid dragon closely misses you. You block the acid dragon's attack.
You block the slime creature's attack. x2; The slime creature hits you!
You slash the slime creature!
The slime creature is severely wounded.
You slash the yak! You slash the acid dragon! You slash the slime creature!
You hit the slime creature but do no damage.
You block the acid dragon's attack. x2; You block the slime creature's attack.
The slime creature hits you! x2
Unknown command.
You slice the slime creature!!
You headbutt the slime creature, but do no damage.
The slime creature is almost dead.
You hit the yak. You barely miss the acid dragon.
You barely miss the slime creature. You hit the slime creature.
The acid dragon bites you but does no damage.
You block the acid dragon's attack. The slime creature hits you!
You block the slime creature's attack.
The slime creature hits you but does no damage.
You slice the slime creature!!
You kill the slime creature!
Okawaru accepts your kill.
You hit the yak but do no damage. You hit the acid dragon.
You hit the slime creature but do no damage.
You hit the slime creature. The yak gores you!
* * * LOW HITPOINT WARNING * * *
You block the acid dragon's attack. x2
The slime creature hits you but does no damage.
The slime creature hits you!
* * * LOW HITPOINT WARNING * * *
You hit the yak. You headbutt the yak, but do no damage.
The yak is almost dead.
You hit the acid dragon. You slice the slime creature!!
You barely miss the slime creature. You barely miss the yak. The yak gores you.
* * * LOW HITPOINT WARNING * * *
The yak gores you but does no damage. You block the acid dragon's attack.
The acid dragon claws you but does no damage.
The slime creature hits you!
* * * LOW HITPOINT WARNING * * *
The slime creature hits you!
You die...

...............
..............#
............?.#
.......<......#
..............#
..............#
...............
......YJ.......
......Y@.......
......DJ.......
...............
.....>.........
..............?
...............
...............
...............


You could see 2 slime creatures, 2 yaks and an acid dragon.

Vanquished Creatures
  A two-headed ogre (D:9)
  Joseph (D:8)
  A red devil (D:9)
  Prince Ribbit (D:7)
  2 yaks
  A slime creature (D:10)
  A wyvern (D:9)
  A neqoxec (D:9)
  Eustachio (D:4)
  A chaos spawn (D:9)
  A warg (shapeshifter) (D:9)
  An acid dragon (D:9)
  4 water moccasins
  2 sky beasts
  A black bear (D:5)
  2 orc warriors
  2 ice beasts
  An ogre (D:4)
  A centaur (D:9)
  A phantom (D:6)
  3 bullfrogs
  2 kobold brigands
  2 scorpions (D:6)
  4 wights (D:9)
  12 killer bees
  A howler monkey (D:5)
  8 orc priests
  6 hounds
  A quasit (D:9)
  Crazy Yiuf (D:7)
  2 gnoll boudas
  2 iguanas
  3 sleepcaps
  5 orc wizards
  7 gnolls
  12 adders
  A shadow imp (D:5)
  2 white imps
  An ufetubus (D:4)
  A worm (D:3)
  A dart slug (D:1)
  29 orcs
  8 ball pythons
  7 endoplasms
  4 giant cockroaches
  7 goblins
  6 hobgoblins
  6 kobolds
  3 quokkas
  5 bats
  4 frilled lizards
  A rat (D:2)
184 creatures vanquished.

Vanquished Creatures (others)
  6 demonic plants (D:9)
  9 fungi
  4 plants (D:8)
  4 withered plants (D:3)
23 creatures vanquished.

Grand Total: 207 creatures vanquished

Notes
Turn   | Place    | Note
-------+----------+-------------------------------------------
     0 | D:1      | bmack86 the Minotaur Fighter began the quest for the Orb.
     0 | D:1      | Reached XP level 1. HP: 19/19 MP: 0/0
   271 | D:1      | Reached XP level 2. HP: 27/27 MP: 1/1
  1225 | D:2      | Reached XP level 3. HP: 33/33 MP: 2/2
  1420 | D:2      | Found a burning altar of Makhleb.
  1514 | D:3      | Found a sacrificial altar of Ru.
  1525 | D:3      | Reached skill level 1 in Throwing
  1525 | D:3      | Reached XP level 4. HP: 40/40 MP: 3/3
  1745 | D:3      | Reached XP level 5. HP: 47/47 MP: 4/4
  1957 | D:3      | Found a runed translucent gate.
  1957 | D:3      | Found a runed translucent gate.
  1959 | D:3      | Found a runed translucent gate.
  1961 | D:3      | Noticed Darkkill's ghost (weakling MiHu)
  1961 | D:3      | Noticed turdburglar's ghost (amateur TrHs)
  1961 | D:3      | Noticed cheesebisquit's ghost (novice MfIE)
  2416 | D:4      | Noticed Eustachio
  2447 | D:4      | Killed Eustachio
  2448 | D:4      | Reached XP level 6. HP: 53/53 MP: 5/5
  2503 | D:4      | Reached skill level 5 in Axes
  2630 | D:4      | Reached skill level 5 in Armour
  2858 | D:4      | Found Dosis's Weapon Shoppe.
  2866 | D:4      | Reached skill level 5 in Fighting
  2995 | D:4      | Reached skill level 5 in Shields
  3036 | D:4      | Noticed a sky beast
  3057 | D:4      | Killed a sky beast
  3058 | D:4      | Reached XP level 7. HP: 61/61 MP: 6/6
  3251 | D:5      | Entered Level 5 of the Dungeon
  3260 | D:5      | Identified the ring "Cymo" {rF- rC+ rN++ Slay+2 SInv}
  3768 | D:6      | Identified a scroll of acquirement
  3768 | D:6      | Acquired a manual of Fighting
  3810 | D:6      | Acquired the +2 hat "Zazoorei" {rN+ Will+ Str+3}
  3916 | D:6      | Reached XP level 8. HP: 70/70 MP: 7/7
  3930 | D:6      | Found Ugosty's Book Shop.
  4412 | D:6      | Found a burning altar of Makhleb.
  4424 | D:6      | Found a stormy altar of Qazlal.
  4431 | D:6      | Found a shimmering blue altar of Sif Muna.
  4507 | D:7      | Found a staircase to the Ecumenical Temple.
  4531 | Temple   | Entered the Ecumenical Temple
  4551 | Temple   | Became a worshipper of Warmaster Okawaru
  4680 | D:7      | Reached skill level 1 in Invocations
  4738 | D:7      | Reached XP level 9. HP: 71/80 MP: 8/8
  4944 | D:7      | Found a radiant altar of Vehumet.
  5087 | D:7      | Noticed Prince Ribbit
  5092 | D:7      | Killed Prince Ribbit
  5092 | D:7      | Reached * piety under Okawaru
  5484 | D:7      | Found a runed translucent door.
  5485 | D:7      | Noticed Crazy Yiuf
  5490 | D:7      | Killed Crazy Yiuf
  5731 | D:8      | Reached skill level 5 in Throwing
  5857 | D:8      | Noticed Joseph
  5875 | D:8      | Killed Joseph
  5875 | D:8      | Reached ** piety under Okawaru
  5876 | D:8      | Found a staircase to the Lair.
  6322 | D:9      | Noticed a red devil
  6341 | D:9      | Killed a red devil
  6342 | D:9      | Reached skill level 10 in Axes
  6342 | D:9      | Reached XP level 10. HP: 67/91 MP: 11/11
  6459 | D:9      | Reached *** piety under Okawaru
  6532 | D:9      | Found a staircase to the Orcish Mines.
  6552 | D:9      | Found Horopnin's General Store.
  6558 | D:9      | Bought a +0 kite shield for 49 gold pieces
  6558 | D:9      | Bought a scroll of identify for 22 gold pieces
  6655 | D:9      | Found a snail-covered altar of Cheibriados.
  6740 | D:9      | Noticed a two-headed ogre
  6755 | D:9      | Killed a two-headed ogre
  6756 | D:9      | Reached skill level 10 in Fighting
  7139 | D:10     | Entered Level 10 of the Dungeon
  7153 | D:10     | Slain by a slime creature

Illustrated notes

Levels and vault maps discovered:
D:1:      psy_arrival_terrarium, layout_basic
D:2:      layout_loops_cross, basic_altar
D:3:      layout_basic, nicolae_ru_great_annihilating_truth,
          gammafunk_ghost_cemetery, minmay_snake_closets
D:4:      layout_loops_corners, serial_shops, nicolae_shop_peninsula,
          uniq_eustachio
D:5:      layout_cave_pools
D:6:      layout_loops_ring, grunt_temple_overflow_diamond, serial_shops, shop
D:7:      layout_basic, lemuel_tele_altar, minmay_temple_entry_glassed_door,
          uniq_prince_ribbit1, uniq_crazy_yiuf_cottage
D:8:      layout_loops_ring, dpeg_oklobed_lair, minivault_11, uniq_joseph
D:9:      layout_loops_ring, marbit_many_paths, orc_0_dummy, serial_shops,
          nicolae_shop_rolling_square, serial_demonic, serial_demonic_g,
          serial_demonic_a, serial_demonic_g, serial_demonic_e, serial_demonic_g
D:10:     layout_long_grid, nicolae_kite_square_tiling_tiny, nzn_random_ring
Temple:   lightli_temple_of_artemis

Skill      XL: |  1  2  3  4  5  6  7  8  9 10 |
---------------+-------------------------------+-----
Axes           | 3 4 5 6 8 10 | 10.9
Fighting       | 4 5 7 9 10 | 10.4
Armour         | 4 5 6 7 8 |  8.5
Shields        | 4 5 6 7 8 |  8.3
Throwing       | 1 2 3 4 5 6 |  6.2
Invocations    | 1 3 4 |  4.2

Action                     |  1- 3 |  4- 6 |  7- 9 | 10-12 || total
---------------------------+-------+-------+-------+-------++-------
  Melee: War axe           |    61 |   113 |   224 |    73 ||   471
         Headbutt          |     9 |    17 |    43 |    14 ||    83
  Throw: Boomerang         |     3 |       |    15 |     1 ||    19
 Invoke: Heroism           |       |       |       |     1 ||     1
    Use: Scroll            |     5 |     5 |    10 |     6 ||    26
         Potion            |       |     1 |       |       ||     1
 Armour: Scale mail        |    11 |       |       |       ||    11
         Plate armour      |    60 |    81 |   145 |    47 ||   333
  Dodge: Dodged            |    29 |    46 |    85 |    30 ||   190
  Block: Buckler           |    15 |    34 |    61 |     2 ||   112
         Kite shield       |       |       |       |    46 ||    46

Table legend: (Time is in decaauts)
 A = Elapsed time spent in this place.
 B = Non-inter-level travel time spent in this place.
 C = Inter-level travel time spent in this place.
 D = Time resting spent in this place.
 E = Time spent auto-exploring this place.
 F = Levels seen in this place.
 G = Mean time per level.
                   A        B        C        D        E       F      G
               +--------+--------+--------+--------+--------+-----+--------+
         Total |   7234 |   6961 |    273 |      5 |   5025 |  11 |  657.6 |
       Dungeon |   7122 |   6877 |    245 |      5 |   4963 |  10 |  712.2 |
        Temple |    111 |     83 |     28 |      0 |     62 |   1 |  111.0 |
               +--------+--------+--------+--------+--------+-----+--------+

Top non-repeatable levels by time:
     D:7: 986 daAuts
     D:3: 909 daAuts
     D:4: 888 daAuts
     D:9: 822 daAuts
     D:1: 790 daAuts
     D:8: 771 daAuts
     D:2: 719 daAuts
     D:6: 698 daAuts
     D:5: 522 daAuts
  Temple: 111 daAuts
    D:10: 13 daAuts
